Map: Defender's Landing LE

Players

Purehavoc

  • Race: Zerg Zerg
  • League: Gold
  • Spawn Location: 1:00

Contrajoe - Winner!

  • Race: Terran Terran
  • League: Gold
  • Spawn Location: 7:00

VOD

Have the link to the VOD?

Description

T v Z
Mass Ravens Vs Corruptor/Ultra
I loose my main base

Time

  • Played on: May 27, 2017, 11:41 a.m.
  • Length: 25:07
Show
View Real Time Build Order
Export as new Build Order

Purehavoc Zerg 

Build Orders: Hatch First, Muta Ling Bane 

Get SALT Encoding   

  12  0:01  Drone  
  13  0:08  Drone  
  14  0:17  Overlord  
  14  0:35  Drone  
  15  0:54  Hatchery  
  14  0:57  Drone x2  
  14  0:58  Drone  
  17  1:09  Drone  
  18  1:19  Drone  
  18  1:24  Extractor, Spawning Pool  
  17  1:30  Drone  
  18  1:41  Drone  
  19  1:52  Drone  
  20  2:02  Drone  
  21  2:19  Queen  
  21  2:21  Queen  
  25  2:26  Zergling x4  
  25  2:27  Zergling x2  
  28  2:31  Metabolic Boost  
  28  2:37  Overlord x2  
  28  2:46  Zergling x2  
  28  2:53  Overlord  
  28  3:00  Drone x2  
  28  3:01  Drone x2  
  32  3:16  Zergling x4  
  34  3:25  Drone  
  34  3:26  Drone  
  36  3:41  Zergling x12  
  42  4:01  Drone x4  
  42  4:02  Drone x2  
  48  4:05  Lair  
  48  4:07  Extractor  
  44  4:10  Extractor  
  44  4:11  Extractor  
  34  4:34  Drone x3  
  34  4:35  Drone x4  
  41  4:45  Drone x4  
  45  4:59  Hatchery  
  44  5:13  Evolution Chamber  
  43  5:15  Evolution Chamber  
  43  5:16  Drone x5  
  43  5:17  Drone x4  
  43  5:19  Overlord x2  
  51  5:35  Overlord x2  
  51  5:59  Baneling Nest  
  51  6:01  Spire  
  51  6:02  Drone  
  51  6:03  Zergling x6  
  53  6:11  Hatchery  
  53  6:13  Zerg Melee Weapons Level 1  
  53  6:14  Zerg Ground Armor Level 1  
  53  6:15  Infestation Pit  
  51  6:28  Queen  
  51  6:32  Drone x3  
  56  6:35  Drone x4  
  56  6:36  Zergling x8  
  56  6:38  Drone x3  
  56  6:39  Zergling x4  
  69  6:44  Centrifical Hooks  
  69  6:56  Extractor  
  69  6:57  Extractor  
  69  6:58  Drone x3  
  69  6:59  Drone x3  
  73  7:01  Baneling x2  
  73  7:02  Baneling x7  
  73  7:03  Baneling x2  
  73  7:09  Hive  
  73  7:14  Zerg Flyer Weapons Level 1  
  73  7:16  Mutalisk  
  73  7:18  Mutalisk  
  77  7:32  Drone x4  
  77  7:33  Zergling x6, Drone x4  
  77  7:34  Overlord  
  88  7:49  Drone x2  
  88  7:51  Mutalisk x2  
  90  7:52  Mutalisk x2  
  90  7:53  Mutalisk  
  90  7:56  Mutalisk  
  102  8:08  Overlord  
  102  8:09  Overlord x2  
  102  8:15  Overlord x2  
  102  8:26  Mutalisk x2, Queen  
  102  8:27  Mutalisk x4  
  116  8:37  Zerg Melee Weapons Level 2  
  116  8:41  Extractor  
  115  8:42  Extractor  
  105  9:14  Drone x2  
  105  9:15  Mutalisk x2, Drone x7  
  105  9:16  Mutalisk x4, Drone x5  
  105  9:17  Drone x4  
  135  9:26  Drone  
  136  9:44  Hatchery  
  136  9:45  Mutalisk x4  
  135  9:47  Overlord x4  
  135  9:48  Overlord x2  
  143  10:05  Zerg Ground Armor Level 2  
  143  10:22  Corruptor  
  143  10:23  Corruptor x5  
  155  10:32  Hatchery  
  155  10:34  Greater Spire  
  154  10:40  Mutalisk x2  
  154  10:41  Mutalisk x4  
  146  11:35  Mutalisk x7  
  146  11:36  Mutalisk x5  
  156  12:17  Ultralisk Cavern  
  155  12:33  Mutalisk, Drone x2  
  155  12:34  Mutalisk, Corruptor x2, Drone x2  
  159  13:05  Queen  
  161  13:15  Ultralisk x2  
  161  13:16  Ultralisk x4  
  192  13:57  Drone x3  
  192  14:00  Overlord  
  192  14:01  Overlord x2  
  195  14:10  Zerg Melee Weapons Level 3, Zerg Ground Armor Level 3  
  195  14:13  Zerg Flyer Weapons Level 2  
  195  14:36  Brood Lord  
  195  14:37  Brood Lord x4  
  167  14:38  Mutalisk  
  167  14:44  Extractor  
  167  14:45  Extractor  
  167  14:49  Extractor  
  167  14:50  Extractor  
  165  15:33  Mutalisk  
  165  15:34  Corruptor x2  
  165  15:35  Corruptor, Ultralisk x3  
  191  15:40  Brood Lord  
  193  15:52  Drone x3  
  194  16:29  Zerg Flyer Armor Level 1  
  169  16:49  Mutalisk x6  
  169  16:50  Mutalisk x8  
  169  16:51  Mutalisk x4  
  199  17:01  Mutalisk x2  
  181  17:16  Mutalisk  
  181  17:17  Mutalisk x6  
  181  17:18  Mutalisk  
  195  17:29  Mutalisk x2  
  177  18:42  Mutalisk x3  
  177  18:43  Mutalisk x3  
  177  18:44  Mutalisk x2, Ultralisk  
  173  19:15  Mutalisk  
  173  19:16  Mutalisk x4  
  181  19:19  Ultralisk x2  
  171  19:59  Mutalisk x3  
  175  20:00  Ultralisk  
  175  20:01  Ultralisk x3  
  195  20:31  Drone x3  
  196  20:57  Hatchery  
  192  21:06  Spire  
  192  21:10  Hatchery  
  190  21:40  Swarm Host x3  
  199  22:25  Hatchery  
  182  22:49  Mutalisk x7  
  182  22:50  Mutalisk x7  
  182  22:51  Mutalisk x2  
  138  24:00  Ultralisk x2  
  138  24:01  Ultralisk x2  
  138  24:02  Mutalisk, Ultralisk x2  
  176  24:15  Mutalisk  
  165  24:29  Mutalisk  
  167  24:32  Corruptor  
Show
View Real Time Build Order
Export as new Build Order

Contrajoe Terran - Winner!

Build Orders: Command Center First (CC) 

Get SALT Encoding   

  12  0:01  SCV  
  13  0:16  SCV  
  13  0:21  Supply Depot  
  14  0:32  SCV  
  15  0:44  SCV  
  16  1:06  Command Center  
  16  1:15  Barracks  
  16  1:16  SCV  
  17  2:14  Refinery  
  17  2:15  Refinery  
  17  2:16  Command Center  
  17  2:18  Engineering Bay  
  17  2:23  SCV  
  18  2:52  Refinery  
  18  2:58  SCV x2  
  20  3:04  Refinery  
  19  3:22  Marine  
  19  3:24  Orbital Command  
  20  3:31  Planetary Fortress  
  19  3:45  Planetary Fortress  
  18  3:53  Marine  
  15  4:19  SCV x2  
  17  4:24  Factory  
  17  4:31  SCV  
  17  4:33  SCV  
  19  4:52  SCV x3  
  22  5:04  SCV x2  
  25  5:10  Starport, Factory Tech Lab  
  25  5:12  SCV  
  25  5:16  SCV  
  26  5:25  Marine  
  27  5:34  SCV x3  
  30  5:39  Missile Turret  
  30  5:41  Missile Turret  
  30  5:47  Missile Turret x2  
  30  5:50  Marine  
  30  5:56  Missile Turret  
  31  6:02  SCV x2, Starport  
  33  6:08  Raven  
  35  6:18  Missile Turret  
  35  6:19  SCV x2  
  37  6:26  SCV  
  38  6:37  Corvid Reactor  
  38  6:39  Starport Tech Lab  
  38  6:41  Supply Depot  
  38  6:42  Factory Reactor  
  38  6:43  Missile Turret  
  38  6:46  SCV x3  
  41  6:56  Refinery  
  41  6:58  SCV x3  
  41  7:01  Raven  
  46  7:11  Refinery  
  46  7:13  Refinery  
  46  7:20  Widow Mine x2  
  50  7:23  Raven  
  50  7:29  SCV  
  53  7:39  Supply Depot  
  53  8:00  SCV x2  
  53  8:01  SCV  
  56  8:09  Marine  
  56  8:10  Hellion x2  
  61  8:19  Supply Depot  
  61  8:32  Supply Depot, Command Center  
  61  8:34  Supply Depot  
  61  8:40  Raven x2  
  61  8:41  SCV x3  
  66  8:53  SCV  
  59  9:19  Missile Turret x2  
  59  9:22  Missile Turret  
  59  9:28  Missile Turret  
  59  9:30  Missile Turret x2  
  59  9:32  Missile Turret  
  59  9:40  Raven x2  
  63  9:48  Supply Depot  
  63  9:53  Missile Turret  
  63  9:54  Missile Turret  
  63  9:55  Missile Turret  
  63  9:57  Missile Turret  
  63  9:58  Refinery, Missile Turret  
  63  9:59  Planetary Fortress  
  63  10:03  Hellion x2  
  67  10:07  Refinery  
  67  10:12  Barracks Tech Lab  
  67  10:28  SCV x3  
  70  10:36  SCV  
  70  10:40  SCV x3  
  70  10:41  Barracks  
  74  10:46  Stimpack  
  74  10:47  Marine  
  74  10:48  SCV, Raven x2  
  80  10:51  Widow Mine  
  80  10:52  SCV, Widow Mine  
  85  11:02  Starport  
  85  11:07  Starport  
  66  11:38  Raven x2  
  66  11:39  SCV x4  
  74  11:44  Starport Tech Lab x2  
  74  11:51  SCV  
  71  12:17  Missile Turret  
  71  12:19  Missile Turret x2  
  71  12:20  Missile Turret  
  71  12:23  Raven x2  
  71  12:25  Missile Turret  
  71  12:26  Raven x2  
  71  12:27  SCV  
  71  12:28  SCV x3  
  83  12:39  SCV  
  84  12:49  Barracks Reactor  
  79  12:51  SCV x3  
  79  12:52  SCV  
  74  13:03  SCV x3  
  74  13:04  Missile Turret  
  77  13:09  Raven  
  77  13:10  Raven, Missile Turret  
  77  13:11  Command Center  
  81  13:31  Hellion x2  
  85  13:45  Raven x2  
  85  13:48  SCV x4  
  88  14:00  SCV x2  
  90  14:05  Raven  
  90  14:06  Hi-Sec Auto Tracking  
  90  14:08  SCV x2, Marine  
  90  14:09  Marine  
  96  14:12  SCV x2  
  98  14:18  Missile Turret  
  98  14:20  SCV x2  
  98  14:21  Missile Turret  
  92  14:24  SCV x2  
  80  14:35  Raven x2  
  80  14:36  Raven  
  80  14:40  Marine x3  
  80  14:41  Hellion  
  80  14:42  Hellion  
  80  14:45  Command Center  
  87  14:46  Planetary Fortress  
  87  14:49  Refinery x2  
  87  14:51  SCV x4  
  91  15:01  Raven  
  91  15:03  SCV x3  
  96  15:19  Missile Turret  
  96  15:20  Missile Turret  
  96  15:22  Missile Turret x2  
  96  15:29  SCV x3  
  96  15:33  Command Center  
  96  15:34  Missile Turret  
  99  15:41  Raven x2  
  99  15:42  Raven  
  105  15:49  Hellion x2  
  109  15:51  Missile Turret  
  109  15:53  Missile Turret  
  109  15:54  Marine x2  
  109  15:55  Missile Turret  
  111  16:03  SCV x5  
  116  16:08  Raven  
  118  16:15  SCV x2  
  113  16:20  SCV  
  113  16:22  Missile Turret  
  113  16:24  Missile Turret  
  114  16:25  Missile Turret  
  114  16:32  SCV  
  88  17:05  Raven x3  
  94  17:10  Command Center  
  94  17:12  Marine x2  
  94  17:13  Planetary Fortress  
  94  17:15  Raven  
  98  17:18  Hellion  
  100  17:24  SCV x5  
  100  17:26  Refinery  
  100  17:27  Refinery  
  104  17:30  Starport  
  104  17:31  Starport  
  104  17:32  Starport  
  104  17:34  Starport  
  104  17:36  SCV  
  105  17:56  Starport  
  86  18:08  Starport Tech Lab x2  
  81  18:13  Starport  
  81  18:15  Starport  
  80  18:22  Factory Tech Lab  
  80  18:26  Starport Tech Lab  
  80  18:27  Starport Tech Lab  
  80  18:34  Engineering Bay x2  
  67  18:43  Starport Tech Lab  
  61  18:52  Starport Tech Lab, Engineering Bay x2  
  61  18:56  Raven x2  
  61  18:58  Starport Tech Lab  
  61  18:59  Starport Tech Lab  
  61  19:02  Raven x2  
  65  19:04  Missile Turret  
  58  19:27  Raven  
  58  19:28  Raven x2  
  62  19:34  Raven  
  60  19:39  Raven  
  54  20:04  Supply Depot  
  53  20:15  Command Center  
  53  20:18  Supply Depot  
  53  20:21  Supply Depot x2  
  53  20:22  Missile Turret  
  53  20:24  Supply Depot  
  53  20:26  SCV x2, Raven x2  
  58  20:34  Raven  
  60  20:38  SCV  
  60  20:39  Raven x3  
  60  20:41  Supply Depot  
  60  20:42  Supply Depot  
  67  20:44  Raven  
  67  21:11  Command Center  
  67  21:13  SCV  
  67  21:14  SCV x2  
  70  21:21  Raven x2  
  74  21:25  SCV  
  74  21:30  Marine x2  
  74  21:31  Raven x2  
  74  21:32  Raven x3  
  87  21:33  SCV x2  
  87  21:38  SCV  
  91  21:42  Planetary Fortress  
  91  21:45  SCV  
  91  21:47  Terran Infantry Weapons Level 1  
  91  21:50  Command Center  
  91  21:55  Factory  
  91  22:09  Marine  
  91  22:10  Raven x2, Marine  
  97  22:18  SCV x2  
  97  22:19  SCV  
  100  22:33  Orbital Command  
  90  23:08  Raven  
  90  23:09  Raven x5  
  90  23:10  Raven  
  100  23:38  SCV x3  
  100  23:39  SCV x2  
  102  23:46  Factory Tech Lab  
  99  23:48  Missile Turret  
  99  23:50  Missile Turret x2  
  99  23:51  Missile Turret  
  99  23:52  Missile Turret  
  99  23:53  Missile Turret x2  
  99  23:54  Missile Turret x2  
  99  23:55  Missile Turret  
  99  24:03  Planetary Fortress  
  97  24:18  Missile Turret  
  97  24:20  Missile Turret x2  
  97  24:21  Missile Turret  
  97  24:22  Refinery  
Tags
 
Add a new tag
Caveats
  • Supply blocks, unpowered buildings, or Contaminate may cause inaccurate times.
  • Supply counts are checked every 10 seconds.